 Dungeon Crawl Stone Soup version 0.20.0-10-g0535bb4 (webtiles) character file.

35197 bobbobbob the Unseen (level 13, 0/59 HPs)
             Began as a Spriggan Enchanter on June 4, 2017.
             Was a High Priest of Ashenzari.
             Slain by a black mamba (9 damage)
             ... on level 6 of the Lair of Beasts.
             The game lasted 02:16:02 (21877 turns).

bobbobbob the Unseen (Spriggan Enchanter)          Turns: 21877, Time: 02:16:04

Health: 0/59       AC:  3    Str:  4    XL:     13   Next: 46%
Magic:  36/40      EV: 23    Int: 18    God:    Ashenzari [*****.]
Gold:   1016       SH:  5    Dex: 20    Spells: 21/39 levels left

rFire    . . .     SeeInvis +   S - +7 dagger (venom) (curse)
rCold    . . .     Gourm    .   (shield restricted)
rNeg     . . .     Faith    .   b - +0 robe
rPois    +         Spirit   .   (helmet restricted)
rElec    .         Reflect  +   o - +0 cloak (curse)
rCorr    .         Harm     .   (gloves unavailable)
MR       ++...     Clarity  +   (boots unavailable)
Stlth    +++++++...             s - +5 amulet of reflection (curse)
Regen    0.2/turn               B - ring of magical power
MPRegen  0.3/turn               I - ring of poison resistance

@: very slightly contaminated, very quick
A: unfitting armour, see invisible, herbivore 3, speed 3, slow metabolism 2
a: Curse Item, Scrying, Transfer Knowledge, Renounce Religion


You were on level 6 of the Lair of Beasts.
You worshipped Ashenzari.
Ashenzari was extremely pleased with you.
You were not hungry.

You visited 2 branches of the dungeon, and saw 16 of its levels.
You also visited: Labyrinth.

You collected 1016 gold pieces.

Inventory:

Hand Weapons
 g - a +4 scimitar of flaming
 J - a +2 dagger of draining
 S - a cursed +7 dagger of venom (weapon)
Missiles
 C - 14 bolts
Armour
 b - a +0 robe (worn)
 o - a cursed +0 cloak (worn)
Magical Staves
 a - an uncursed staff of energy
 n - an uncursed staff of poison
 z - an uncursed staff of death
Jewellery
 s - a cursed +5 amulet of reflection (around neck)
 B - a ring of magical power (left hand)
 I - a ring of poison resistance (right hand)
 K - the ring of Gluttony {Fire Stlth+}
   (You found it on level 3 of the Lair of Beasts)

   [ring of fire]

   It enhances your fire magic.
   It protects you from fire.
   It makes you vulnerable to cold.
   It makes you more stealthy.
 P - an uncursed ring of magical power
 U - an uncursed ring of protection from fire
Wands
 y - a wand of disintegration (11/24)
 D - a wand of flame (28/48)
 G - a wand of lightning (11/15)
 H - a wand of polymorph (12/24)
 N - a wand of acid (10/15)
 T - a wand of iceblast (9/15)
 Z - a wand of scattershot (6/9)
Scrolls
 f - 5 scrolls of remove curse
 i - a scroll of identify
 j - 4 scrolls of recharging
 k - a scroll of vulnerability {unknown}
 p - 3 scrolls of teleportation
 q - 2 scrolls of fog
 A - 4 scrolls of amnesia
 E - 2 scrolls of immolation
 M - 2 scrolls of silence {unknown}
 O - a scroll of noise {unknown}
 Q - 2 scrolls of enchant armour {unknown}
 W - a scroll of fear {unknown}
 X - a scroll of blinking {unknown}
Potions
 e - 6 potions of curing
 h - a potion of magic {unknown}
 l - a potion of agility {unknown}
 r - 6 potions of heal wounds
 t - a potion of berserk rage {unknown}
 u - a potion of ambrosia {unknown}
 w - 3 potions of haste {unknown}
 x - a potion of cancellation {unknown}
 R - 2 potions of degeneration {unknown}
 Y - a potion of flight {unknown}
Books
 c - a book of Maledictions

   Spells                             Type                      Level
   a - Corona                         Hexes                        1
   b - Ensorcelled Hibernation        Hexes/Ice                    2
   c - Confuse                        Hexes                        3
   d - Tukima's Dance                 Hexes                        3
   e - Dazzling Spray                 Conjuration/Hexes            3
 m - a book of Party Tricks

   Spells                             Type                      Level
   a - Summon Butterflies             Summoning                    1
   b - Apportation                    Translocation                1
   c - Lesser Beckoning               Translocation                3
   d - Tukima's Dance                 Hexes                        3
   e - Alistair's Intoxication        Transmutation/Poison         5
   f - Invisibility                   Hexes                        6
Miscellaneous
 L - a phial of floods
 V - a sack of spiders
Comestibles
 d - 10 bread rations
 v - 11 fruits
 F - a royal jelly


   Skills:
 + Level 2.9 Fighting
 + Level 8.2(12.1) Short Blades
 + Level 7.2 Dodging
 + Level 19.2 Stealth
 + Level 13.7 Spellcasting
 + Level 1.3 Conjurations
 + Level 14.1 Hexes


You had 21 spell levels left.
You knew the following spells:

 Your Spells              Type           Power        Failure   Level  Hunger
a - Corona                Hex            ######.      0%          1    None
b - Confuse               Hex            ######..     1%          3    None
c - Dazzling Spray        Conj/Hex       #####.       1%          3    None
d - Ensorcelled Hibernat  Hex/Ice        #####.       1%          2    None
e - Tukima's Dance        Hex            ######..     1%          3    None
f - Invisibility          Hex            ######..     2%          6    ######.


Dungeon Overview and Level Annotations

Branches:
Dungeon (10/15)            Temple (0/1) D:4            Lair (6/6) D:8
 Shoals (0/4) Lair:3       Spider (0/4) Lair:4        Slime (0/5) Lair:6
    Orc: D:9-12

Altars:
Ashenzari
Dithmenos
Elyvilon
Fedhas
Makhleb
Okawaru
Uskayaw
Zin
Jiyva

Shops:
D:2 *


Innate Abilities, Weirdness & Mutations

You are very small and have problems with some larger weapons.
You are too small for most types of armour.
You have supernaturally acute eyesight. (SInv)
You are a herbivore.
You cover ground extremely quickly.
You need consume almost no food.


Message History

The black mamba misses you.
You hit the black mamba.
The black mamba is poisoned.
The black mamba is moderately wounded.
The black mamba bites you! The wolf misses you. The black mamba bites you!
You block the wolf's attack. The black mamba bites you.
The black mamba stops glowing.
Casting: Corona
Confirm with . or Enter, or press ? or * to list all spells.
Aiming: Dazzling Spray
Press: ? - help, Shift-Dir - straight line, f/p - black mamba
Aim: a black mamba (heavily wounded, poisoned)
The spray of energy hits the black mamba.
The black mamba is heavily wounded.
The spray of energy hits the wolf.
You kill the wolf!
The black mamba bites you!
* * * LOW HITPOINT WARNING * * *
The black mamba bites you!
You die...

#############...#####.######..###
.##..##.#PPP#.#.#.......#.##.....
...........P.....................
PP...........................<...
P...............................#
##................./...........P#
#P..............................#
##P..............................
#..............@S...............
##...............†.............#.
#...............................P
#................................
.#.........#######.............##
........#### ####............
..<....## ** ** ##...........
....####** *≈ ≈ ##..........
..### *≈≈ ≈ ≈ ≈* ###........


You could see a black mamba.

Vanquished Creatures
  A minotaur (Lab)
  7 hydras
  Erica (D:8)
  Sonja (Lair:1)
  3 elephants (Lair:6)
  14 spiny frogs
  3 black mambas
  A torpor snail (Lair:4)
  3 rime drakes
  5 komodo dragons
  A troll (D:10)
  Prince Ribbit (D:8)
  16 blink frogs
  A dream sheep (Lair:3)
  4 hippogriffs
  A snapping turtle (Lair:3)
  Sigmund (D:2)
  3 redbacks (Lair:4)
  5 wyverns
  42 yaks
  2 basilisks (Lair:5)
  4 hungry ghosts (Lab)
  6 water moccasins
  An acid dragon (D:8)
  9 porcupines
  A hell hound (Lair:6)
  4 orc warriors
  A black bear (D:7)
  A necrophage (D:8)
  2 ice beasts
  A sky beast (D:8)
  2 ogres
  11 wolves
  3 centaurs
  16 crocodiles
  2 big kobolds (D:8)
  11 bullfrogs
  4 scorpions
  3 electric eels
  A vampire bat (D:3)
  2 bullfrog zombies
  A quasit (D:8)
  Crazy Yiuf (D:2)
  A centaur zombie (D:7)
  A crimson imp (D:5)
  7 bullfrog skeletons
  4 hounds
  3 orc priests
  8 orc wizards
  6 hell rats (Lair:4)
  7 worker ants
  A killer bee zombie (D:8)
  A hound zombie (D:5)
  A hound skeleton (D:8)
  A worker ant zombie (D:5)
  Robin (D:2)
  9 adders
  3 shadow imps
  An ooze (D:5)
  An adder zombie (D:8)
  An adder skeleton (D:8)
  6 worms
  A dart slug (D:1)
  4 fire bats
  6 leopard geckos
  19 orcs
  2 spectral bats (D:3)
  3 bat skeletons (D:3)
  A bat zombie (D:3)
  10 giant cockroaches
  20 goblins
  9 hobgoblins
  6 quokkas
  3 ball pythons
  15 bats
  A bat simulacrum (D:3)
  6 frilled lizards
  9 kobolds
  5 rats
386 creatures vanquished.

Vanquished Creatures (collateral kills)
  A yak (Lair:5)
  A dart slug (D:3)
2 creatures vanquished.

Vanquished Creatures (others)
  A hound (D:4)
1 creature vanquished.

Grand Total: 389 creatures vanquished

Notes
Turn   | Place    | Note
-------+----------+-------------------------------------------
     0 | D:1      | bobbobbob the Spriggan Enchanter began the quest for the Orb.
     0 | D:1      | Reached XP level 1. HP: 9/9 MP: 5/5
   472 | D:1      | Reached XP level 2. HP: 11/13 MP: 5/7
  1119 | D:2      | Found Zin's Purification Station.
  1194 | D:2      | Found a glowing silver altar of Zin.
  1291 | D:2      | Found a runed door.
  1323 | D:2      | Found a shattered altar of Ashenzari.
  1411 | D:2      | Reached XP level 3. HP: 14/16 MP: 5/8
  1434 | D:2      | Noticed Sigmund
  1468 | D:2      | Noticed Robin
  1476 | D:1      | Learned a level 3 spell: Confuse
  1480 | D:1      | Learned a level 3 spell: Dazzling Spray
  2125 | D:2      | Killed Robin
  2364 | D:2      | Found a blossoming altar of Fedhas.
  2505 | D:2      | Reached XP level 4. HP: 21/21 MP: 2/9
  2780 | D:2      | Killed Sigmund
  2780 | D:2      | Reached skill level 6 in Stealth
  2780 | D:2      | Reached skill level 5 in Hexes
  2780 | D:2      | Reached XP level 5. HP: 22/25 MP: 1/12
  3537 | D:2      | Became a worshipper of Ashenzari the Shackled
  3637 | D:2      | Reached XP level 6. HP: 29/29 MP: 7/13
  3715 | D:2      | Noticed Crazy Yiuf
  3732 | D:2      | Killed Crazy Yiuf
  3842 | D:3      | Noticed a sky beast
  6125 | D:4      | Found a staircase to the Ecumenical Temple.
  6550 | D:4      | Reached skill level 7 in Stealth
  6550 | D:4      | Reached XP level 7. HP: 30/32 MP: 0/15
  7309 | D:5      | Entered Level 5 of the Dungeon
  7364 | D:5      | Reached skill level 5 in Spellcasting
  7724 | D:5      | Reached skill level 1 in Fighting
  8338 | D:6      | Reached skill level 8 in Stealth
  8440 | D:6      | Reached XP level 8. HP: 17/37 MP: 3/17
  9044 | D:6      | Reached skill level 9 in Stealth
  9801 | D:7      | Reached * piety under Ashenzari
  9895 | D:7      | Found a burning altar of Makhleb.
  9895 | D:7      | Found a shadowy altar of Dithmenos.
  9941 | D:7      | Found a hide-covered altar of Uskayaw.
  9976 | D:7      | Reached skill level 10 in Stealth
 10506 | D:7      | Found an iron altar of Okawaru.
 10516 | D:7      | Reached XP level 9. HP: 41/41 MP: 5/20
 10546 | D:7      | Reached skill level 5 in Short Blades
 11023 | D:7      | You fall through a shaft for 3 floors!
 11023 | D:10     | Entered Level 10 of the Dungeon
 11155 | D:10     | Reached skill level 5 in Dodging
 11168 | D:10     | Noticed a troll
 11177 | D:10     | Killed a troll
 11177 | D:10     | Reached skill level 11 in Stealth
 11336 | D:10     | Noticed a two-headed ogre
 11429 | D:9      | Found a white marble altar of Elyvilon.
 12016 | D:8      | Reached ** piety under Ashenzari
 12074 | D:8      | Noticed Erica
 12081 | D:8      | Killed Erica
 12081 | D:8      | Reached skill level 12 in Stealth
 12474 | D:8      | Reached XP level 10. HP: 46/46 MP: 23/23
 12495 | D:8      | Reached skill level 13 in Stealth
 12539 | D:8      | Identified the cursed +1 rapier of the Lair of Beasts {pierce, Str+3}
 12859 | D:8      | Reached skill level 10 in Hexes
 12866 | D:8      | Noticed Prince Ribbit
 13101 | D:8      | Killed Prince Ribbit
 13194 | D:8      | Found a staircase to the Lair.
 13341 | Lair:1   | Entered Level 1 of the Lair of Beasts
 13348 | Lair:1   | Noticed a black mamba
 13358 | Lair:1   | Killed a black mamba
 13358 | Lair:1   | Reached skill level 14 in Stealth
 13401 | Lair:1   | Noticed Sonja
 13412 | Lair:1   | Killed Sonja
 13443 | Lair:1   | Noticed a spiny frog
 13457 | Lair:1   | Killed a spiny frog
 13465 | Lair:1   | Identified the +9 trident "Fawk" {venom, SInv}
 13577 | Lair:1   | Reached skill level 15 in Stealth
 13577 | Lair:1   | Reached XP level 11. HP: 50/50 MP: 25/25
 13679 | Lair:1   | Reached skill level 10 in Spellcasting
 15606 | Lair:2   | Reached *** piety under Ashenzari
 15908 | Lair:3   | Reached skill level 16 in Stealth
 16286 | Lair:3   | Noticed a four-headed hydra
 16290 | Lair:3   | Killed a four-headed hydra
 16360 | Lair:3   | Identified the ring of Gluttony {Fire Stlth+}
 16593 | Lair:3   | Found a staircase to the Shoals.
 16724 | Lair:2   | Reached XP level 12. HP: 18/54 MP: 7/28
 16987 | Lair:3   | Reached skill level 1 in Conjurations
 18062 | Lair:4   | Reached skill level 17 in Stealth
 18179 | Lair:4   | Found a hole to the Spider Nest.
 18349 | Lair:4   | Reached **** piety under Ashenzari
 18498 | Lair:4   | Found a runed door.
 19054 | Lair:4   | Noticed an eight-headed hydra
 19072 | Lair:4   | Killed an eight-headed hydra
 19177 | Lair:5   | Noticed a four-headed hydra
 19184 | Lair:5   | Killed a four-headed hydra
 19293 | Lair:5   | Noticed an eight-headed hydra
 19302 | Lair:5   | Killed an eight-headed hydra
 19302 | Lair:5   | Reached skill level 18 in Stealth
 19438 | Lair:5   | Found a labyrinth entrance.
 19446 | Lab      | Entered a labyrinth
 19735 | Lab      | Noticed a minotaur
 19736 | Lab      | Killed a minotaur
 19741 | Lab      | Identified Sif Muna's Handbook of Augmentations and the Traveller
 20003 | Lair:5   | Reached XP level 13. HP: 59/59 MP: 31/31
 20034 | Lair:5   | Reached ***** piety under Ashenzari
 20263 | Lair:5   | Learned a level 2 spell: Ensorcelled Hibernation
 20267 | Lair:5   | Learned a level 3 spell: Tukima's Dance
 20274 | Lair:5   | Learned a level 6 spell: Invisibility
 20496 | Lair:6   | Entered Level 6 of the Lair of Beasts
 20518 | Lair:6   | Found a staircase to the Slime Pits.
 20518 | Lair:6   | Found a viscous altar of Jiyva.
 21125 | Lair:6   | Reached skill level 19 in Stealth
 21877 | Lair:6   | Slain by a black mamba

Skill      XL: |  1  2  3  4  5  6  7  8  9 10 11 12 13 |
---------------+----------------------------------------+-----
Spellcasting   | 3 4 5 6 8 9 11 13 | 13.7
Hexes          | 4 5 6 7 8 9 10 12 13 14 | 14.1
Short Blades   | 2 3 4 5 6 7 8 |  8.2
Stealth        | 6 7 8 10 12 15 16 18 19 | 19.2
Dodging        | 4 5 6 7 |  7.2
Fighting       | 1 2 |  2.9
Conjurations   | 1 |  1.3

Action                   |  1- 3 |  4- 6 |  7- 9 | 10-12 | 13-15 || total
-------------------------+-------+-------+-------+-------+-------++-------
Melee: Dagger            |   116 |   283 |   320 |   361 |    97 ||  1177
 Cast: Corona            |    28 |    26 |     7 |       |     4 ||    65
       Confuse           |    12 |    57 |   108 |   166 |    29 ||   372
       Dazzling Spray    |     3 |     5 |     9 |    19 |    16 ||    52
       Invisibility      |       |       |       |       |     7 ||     7
Invok: Curse Item        |       |     2 |     1 |     1 |       ||     4
       Scrying           |       |       |     1 |       |       ||     1
Evoke: Wand              |       |       |       |       |     2 ||     2
  Use: Scroll            |       |     1 |    13 |     2 |     7 ||    23
       Potion            |       |       |       |     3 |       ||     3
 Stab: Sleeping          |    10 |     9 |    21 |    33 |    11 ||    84
       Confused          |     3 |    21 |    60 |    86 |     8 ||   178
       Distracted        |       |     1 |       |       |       ||     1
       Invisible         |       |       |     3 |     8 |    19 ||    30
  Eat: Royal jelly       |     1 |       |     2 |     4 |     2 ||     9
       Bread ration      |       |     2 |       |       |       ||     2
       Fruit             |       |       |     3 |     1 |       ||     4
Armor: Robe              |     9 |    58 |    12 |     6 |       ||    85
Dodge: Dodged            |    78 |   342 |   127 |   148 |    83 ||   778
Block: Other             |       |       |       |    33 |    18 ||    51
